 Dungeon Sprint DCSS version 0.24-a0-536-gdd4cf15266 (webtiles) character file.

Game seed: 9546077615376111208

25 Conn the Firebug (level 3, 0/21 HPs)
             Began as an Octopode Fire Elementalist on Aug 11, 2019.
             Succumbed to Ijyb's poison
             ... in the Dungeon (Sprint I: "Red Sonja").
             The game lasted 00:00:47 (16 turns).

Conn the Firebug (Octopode Fire Elementalist)         Turns: 16, Time: 00:00:47

Health: 0/21       AC:  1    Str:  7    XL:     3   Next: 4%
Magic:  1/7        EV: 14    Int: 18    God:
Gold:   0          SH:  0    Dex: 12    Spells: 7/8 levels left

rFire    . . .     SeeInvis .   (no weapon)
rCold    . . .     Gourm    .   (no shield)
rNeg     . . .     Faith    .   (helmet restricted)
rPois    .         Spirit   .   (no amulet)
rElec    .         Reflect  .   (no ring)
rCorr    .         Harm     .   (no ring)
MR       .....     NoTele   +   (no ring)
Stlth    +++.......             (no ring)
HPRegen  0.07/turn              (no ring)
MPRegen  0.10/turn              (no ring)
                                (no ring)
                                (no ring)

@: lethally poisoned (0 -> -11), berserk cooldown, very slightly contaminated,
slowed, very slow
A: almost no armour, stealthy swim, amphibious, 8 rings, constrict 8, camouflage
1, gelatinous body 1
a: no special abilities


You were in the Dungeon.
You were not hungry.

You visited 1 branch

Inventory:

Hand Weapons
 a - a +0 dagger of venom
Wands
 g - a wand of polymorph (7)
Scrolls
 h - a scroll of blinking
Potions
 c - a potion of curing
 d - a potion of heal wounds
 e - a potion of haste
 f - 2 potions of magic
Comestibles
 b - a ration


   Skills:
 + Level 2.8 Dodging
 + Level 3.6 Stealth
 + Level 0.6 Unarmed Combat
 + Level 3.1 Spellcasting
 + Level 1.2 Conjurations
 + Level 5.0 Fire Magic


You had 7 spell levels left.
You knew the following spells:

 Your Spells              Type           Power        Failure   Level  Hunger
a - Flame Tongue          Conj/Fire      ##...        4%          1    None

Your spell library contained the following spells:

 Spells                   Type           Power        Failure   Level  Hunger
 Throw Flame              Conj/Fire      ##....       7%          2    ##.....
 Conjure Flame            Conj/Fire      ##......     13%         3    ###....
 Inner Flame              Hex/Fire       ##......     17%         3    ###....
 Sticky Flame             Conj/Fire      ##......     41%         4    ####...
 Fireball                 Conj/Fire      ##........   77%         5    ######.


Dungeon Overview and Level Annotations

Branches:
Dungeon (1/1)

Altars:


Innate Abilities, Weirdness & Mutations

You cannot wear most types of armour.
You are very stealthy in the water. (Stealth+)
You are amphibious.
You can wear up to eight rings at the same time.
You can use your tentacles to constrict eight enemies at once.
Your skin changes colour to match your surroundings (Stealth+).
Your rubbery body absorbs attacks. (AC +1, EV +1)


Message History

You have reached level 2!
You have reached level 3!
Your experience leads to an increase in your attributes!
Your base attributes are Str 7, Int 17, Dex 12.
Increase (S)trength, (I)ntelligence, or (D)exterity?
You feel clever.
Unknown command.
You are too berserk!
* * * LOW HITPOINT WARNING * * *
You feel sick.
Things that are here:
a +0 dagger of venom; a +0 ring mail; a wand of polymorph (7)
a - a +0 dagger of venom;
g - a wand of polymorph (7)
You feel a strong urge to attack something.
* * * LOW HITPOINT WARNING * * *
You feel sick.
You feel your anger nearly subside.
You are no longer berserk.
You are exhausted.
You feel yourself slow down.
You die...

#######
#<.#@[+
#..'..#
#..####
#..#
#..#
#..#
#⌠⌠#
####


There were no monsters in sight!

Vanquished Creatures
  Ijyb (D)
1 creature vanquished.

Notes
Turn   | Place    | Note
-------+----------+-------------------------------------------
     0 | D        | Conn the Octopode Fire Elementalist began the quest for the
                  | Orb.
     0 | D        | Reached XP level 1. HP: 11/11 MP: 3/3
     1 | D        | Noticed Ijyb
    12 | D        | Killed Ijyb
    12 | D        | Reached skill level 5 in Fire Magic
    12 | D        | Reached XP level 2. HP: 3/17 MP: 1/6
    12 | D        | Reached XP level 3. HP: 4/21 MP: 1/7
    16 | D        | Succumbed to Ijyb's poison

Levels and vault maps discovered:
D:        dungeon_sprint_1 [red_sonja_temple_1, red_sonja_temple_small_1]

Skill      XL: |  1 |
---------------+----+-----
Stealth        | 3 |  3.6
Spellcasting   | 3 |  3.1
Fire Magic     | 5 |  5.0
Dodging        | |  2.8
Unarmed Combat | |  0.6
Conjurations   | |  1.2

Action                   || total
-------------------------++-------
Melee: Unarmed           ||     6
       Constrict         ||     1
       Tentacles         ||     1
 Cast: Flame Tongue      ||     1
  Use: Potion            ||     1
Armor: Skin              ||     1
Dodge: Dodged            ||     3

Table legend:
 A = Non-vault XP
 B = Vault XP
 C = Vault XP percentage of total XP
 D = Non-vault monster count
 E = Vault monster count
 F = Vault count percentage of total count
                 A         B        C        D         E       F
            +---------+---------+-------+---------+---------+-------
      Total |       0 |      36 | 100.0 |       0 |       1 | 100.0
            +---------+---------+-------+---------+---------+-------
          D |       0 |      36 | 100.0 |       0 |       1 | 100.0
            +---------+---------+-------+---------+---------+-------
